 Dungeon Crawl Stone Soup version 0.18-a0-1774-gce1f7b6 (webtiles) character file.

273588 Moloch the Minotaur Blade (level 19, -3/178 HPs)
             Began as a Minotaur Berserker on Apr 15, 2016.
             Was the Champion of Trog.
             Slain by a long sword of flaming (9 damage)
             ... on level 4 of the Vaults.
             The game lasted 02:01:05 (39486 turns).

Moloch the Minotaur Blade (Minotaur Berserker)     Turns: 39486, Time: 02:01:06

Health: -3/178     AC: 26    Str: 30    XL:     19   Next: 89%
Magic:  18/18      EV: 24    Int: 13    God:    Trog [******]
Gold:   3249       SH:  0    Dex: 20    Spells: 0 memorised, 18 levels left

rFire  + + .     SeeInvis .     A - +4 triple sword (freeze)
rCold  + + +     Gourm    .     H - +0 chain mail of Bedevilment {+Inv rPois rC++ Int+2}
rNeg   . . .     Faith    .     (shield currently unavailable)
rPois  +         Spirit   .     (helmet unavailable)
rElec  +         Dismiss  .     o - +2 cloak
rCorr  .         Reflect  .     m - +2 pair of gloves {rC+}
SustAt .         Harm     .     g - +0 pair of boots {Stlth+}
MR     +++..     Clarity  +     T - amulet of regeneration
Stlth  +.........               X - ring "Zioraciw" {rElec rPois Int+7}
                                Y - ring "Regaweiq" {Str+7 Dex+3}

@: exhausted, very slightly contaminated, regenerating, hasted and slowed,
invisible, extremely resistant to hostile enchantments, very unstealthy
A: retaliatory headbutt, beak, horns 3, talons 1, molten scales 1, camouflage 1,
blurry vision 2, clarity, cold resistance 1, fire resistance 2, poison
resistance, screaming 1, evolution 1
a: Berserk, Trog's Hand, Brothers in Arms, Burn Spellbooks, Renounce Religion
}: 1/15 runes: decaying


You were on level 4 of the Vaults.
You worshipped Trog.
Trog was exalted by your worship.
You were very hungry.

You visited 5 branches of the dungeon, and saw 34 of its levels.
You visited the Abyss 2 times.
You also visited: Labyrinth, Bailey and Ice Cave.

You collected 3676 gold pieces.
You spent 427 gold pieces at shops.

Inventory:

Hand Weapons
 A - a +4 triple sword of freezing (weapon)
 V - a +6 antimagic triple sword
 Z - a +1 triple sword of holy wrath
Missiles
 k - 2 throwing nets
 l - 3 javelins
 L - 12 steel javelins (quivered)
Armour
 g - a +0 pair of boots of stealth (worn)
 m - a +2 pair of gloves of cold resistance (worn)
 o - a +2 cloak (worn)
 H - the +0 chain mail of Bedevilment (worn) {+Inv rPois rC++ Int+2}
   (You bought it in a shop on level 2 of the Vaults)

   It affects your intelligence (+2).
   It greatly protects you from cold.
   It protects you from poison.
   It lets you turn invisible.
Rods
 C - a +4 rod of inaccuracy (13/13)
   (You found it in a labyrinth)
Jewellery
 j - an uncursed ring of flight
 y - an uncursed ring of protection from fire
 I - the amulet of the Ant {Dismiss Str+3 Int+5 SInv}
   (You found it on level 13 of the Dungeon)

   [amulet of dismissal]

   It may teleport away creatures that harm you.
   It affects your strength (+3).
   It affects your intelligence (+5).
   It lets you see invisible.
 T - an amulet of regeneration (around neck)
 U - an uncursed ring of sustain attributes
 X - the ring "Zioraciw" (right hand) {rElec rPois Int+7}
   (You found it in a labyrinth)

   [ring of poison resistance]

   It affects your intelligence (+7).
   It insulates you from electricity.
   It protects you from poison.
 Y - the ring "Regaweiq" (left hand) {Str+7 Dex+3}
   (You found it in a labyrinth)

   [ring of dexterity]

   It affects your strength (+7).
   It affects your dexterity (+3).
Wands
 i - a wand of digging (15/24)
 r - a wand of teleportation (2/9)
 O - a wand of disintegration (7/24)
 S - a wand of hasting (5/9)
Scrolls
 a - 6 scrolls of fear
 f - 4 scrolls of immolation
 n - 15 scrolls of teleportation
 q - 5 scrolls of recharging
 t - 2 scrolls of enchant armour
 u - 11 scrolls of remove curse
 v - 2 scrolls of summoning
 E - 3 scrolls of silence
 F - a scroll of identify
 Q - a scroll of vulnerability {unknown}
 W - a scroll of fog
Potions
 b - 5 potions of flight
 d - 7 potions of haste
 e - 15 potions of curing
 h - 9 potions of heal wounds
 w - 2 potions of mutation
 z - 3 potions of cure mutation
 B - 2 potions of magic
 D - a potion of invisibility
 J - 2 potions of resistance
 K - a potion of berserk rage
 M - 2 potions of might
 N - 3 potions of brilliance
 P - 5 potions of agility
Comestibles
 c - 13 bread rations
 p - 13 royal jellies
 s - 17 meat rations
 x - a chunk of flesh
 R - 31 fruits


   Skills:
 - Level 17.7 Fighting
 - Level 24.0 Long Blades
 + Level 20.8 Armour
 * Level 17.8 Dodging


You had 18 spell levels left.
You didn't know any spells.

Dungeon Overview and Level Annotations

Branches:
Dungeon (15/15)            Temple (0/1) D:7            Lair (8/8) D:9
  Swamp (4/4) Lair:5       Spider (0/4) Lair:6        Slime (0/6) Lair:7
    Orc (2/2) D:11            Elf (0/3) Orc:2        Vaults (5/5) D:13
  Crypt (0/3) Vaults:2     Depths (0/5) D:15

Altars:
Cheibriados
Dithmenos
Elyvilon
Fedhas
Gozag
Kikubaaqudgha
Qazlal
Ru
Trog
Vehumet
Zin
The Shining One
Jiyva

Shops:
D:7 }   D:11 =   D:14 (   Orc:2 }![%   Vaults:2 [   Vaults:3 [

Portals:
Bazaar: Vaults:1
Trove: D:14 (give +2 storm dragon armour)


Innate Abilities, Weirdness & Mutations

You reflexively headbutt those who attack you in melee.
You have a pair of large horns on your head.
You have a beak for a mouth.
You have sharp toenails.
You are partially covered in molten scales (AC +1).
Your skin changes colour to match your surroundings (Stealth).
Scrolls take you longer to read.
You possess an exceptional clarity of mind.
Your flesh is cold resistant.
Your flesh is very heat resistant.
Your system is resistant to poisons.
You occasionally shout uncontrollably at your foes.
You evolve.


Message History

You freeze the deep elf elementalist!!
You kill the deep elf elementalist!
Trog accepts your kill.
Trog appreciates your killing of a magic user.
The long sword of flaming barely misses you.
You furiously retaliate!
You headbutt the long sword of flaming.
The vault guard hits you but does no damage.
The vault guard barely misses you. The vault guard misses you.
Unknown command.
You slash the shadow dragon! You freeze the shadow dragon.
You headbutt the shadow dragon, but do no damage.
You peck the shadow dragon, but do no damage.
The shadow dragon is heavily wounded.
You are no longer berserk.
You are exhausted.
You feel yourself slow down.
You are feeling very hungry.
The vault guard hits you but does no damage.
The long sword of flaming hits you!
You die...

#........#
#........#
#........#
####)###'###### ###
#..[...#.)##..# #..
#..).).#.))#..# #..
#......##.....# #..
#ppp...###..).# #..
#D@p...#......###[.
#[)(...#...[...#[.)
#......######.....#
#......# ##...##
#......######.....#
#......'.......#...
########....<.###..
###....# #..
##.....# #..


You could see a shadow dragon, 4 vault guards and a long sword of flaming.

Vanquished Creatures
  the Lernaean hydra (Swamp:4)
  Saint Roka (Vaults:4)
  2 golden dragons (Vaults:5)
  Rupert (D:15)
  A lich (Vaults:5)
  Asterion (Vaults:3)
  Gastronok (Lair:1)
  Kirke (Lair:6)
  2 thorn hunters
  Agnes (D:14)
  An ancient champion (Vaults:2)
  A storm dragon (Vaults:1)
  Donald (Orc:2)
  A frost giant (Vaults:4)
  An orc warlord (Vaults:1)
  Maud (D:13)
  4 fire giants
  7 vault wardens
  A deep elf elementalist (Vaults:4)
  4 stone giants
  5 ironheart preservers
  3 salamander stormcallers
  2 deep elf annihilators
  4 ettins
  A deep elf death mage (Vaults:2)
  2 crystal guardians (Vaults:4)
  5 fire dragons
  An ettin (shapeshifter) (Vaults:1)
  A minotaur (Lab)
  3 great orbs of eyes
  An ice dragon (Vaults:4)
  7 yaktaur captains
  19 vault guards
  A rakshasa (Vaults:1)
  A ghost crab (Swamp:4)
  11 centaur warriors
  2 catoblepae
  20 hydras
  A ghost crab (shapeshifter) (Vaults:4)
  The ghost of dobroeutro the Blocker, a journeyman GrFi of Okawaru (D:12)
  3 alligators
  2 vampire magi (Vaults:2)
  A tengu warrior (D:13)
  10 ogre magi
  An orc high priest (Orc:1)
  A deep troll shaman (Lair:8)
  23 death yaks
  Urug (D:12)
  5 deep elf knights
  The ghost of Duffy the Fighter, a novice FoEE (D:7)
  A soul eater (Abyss:1)
  Nergalle (D:11)
  8 spriggans
  A fire crab (Vaults:2)
  A wizard (D:13)
  2 flayed ghosts
  A salamander mystic (Vaults:2)
  8 swamp dragons
  A spriggan druid (Swamp:4)
  4 unseen horrors
  24 orc knights
  A large abomination (Abyss:1)
  A lindwurm (Lair:8)
  10 ironbrand convokers
  7 hill giants
  4 shambling mangroves
  4 deep elf archers
  A harpy (shapeshifter) (Vaults:2)
  An anubis guard (shapeshifter) (Vaults:4)
  24 ugly things
  4 wolf spiders
  8 griffons
  3 salamanders (Vaults:2)
  A human zombie (Vaults:4)
  2 necromancers
  10 cyclopes
  An oklob plant (Lair:6)
  A salamander (shapeshifter) (D:7)
  3 manticores
  4 orc sorcerers
  A tengu skeleton (Vaults:4)
  10 deep elf magi
  A worldbinder (Abyss:1)
  5 hornets
  A human skeleton (Vaults:4)
  A black mamba (shapeshifter) (Vaults:2)
  2 black mambas
  25 elephants
  11 vault sentinels
  14 spiny frogs
  A torpor snail (shapeshifter) (Vaults:1)
  An ice statue (IceCv)
  Maurice (D:13)
  2 gargoyles
  14 komodo dragons
  3 rime drakes
  2 kobold demonologists (Vaults:2)
  A komodo dragon (shapeshifter) (Vaults:1)
  13 freezing wraiths
  17 yaktaurs
  An efreet (D:14)
  An ancient zyme (Abyss:1)
  A wind drake (shapeshifter) (Vaults:2)
  9 trolls
  3 giant leeches
  17 two-headed ogres
  12 bog bodies
  2 two-headed ogres (shapeshifter)
  7 boulder beetles
  2 stone giant simulacra
  A wolf spider simulacrum (IceCv)
  36 slime creatures
  2 ettin zombies (Vaults:4)
  9 blink frogs
  A redback (Vaults:1)
  3 flying skulls (Abyss:1)
  5 shadows
  4 wraiths
  A vampire (D:10)
  A yak (shapeshifter) (Vaults:3)
  4 wyverns
  4 basilisks
  39 yaks
  6 hungry ghosts
  A hog (Lair:6)
  A chaos spawn (Abyss:1)
  A neqoxec (Abyss:1)
  14 hippogriffs
  A mottled dragon (D:14)
  A steam dragon (D:10)
  27 vampire mosquitoes
  21 swamp worms
  24 wargs
  2 hell hounds (D:9)
  A soldier ant (D:11)
  15 porcupines
  11 water moccasins
  7 sky beasts
  14 swamp drakes
  9 ice beasts
  58 orc warriors
  20 wasps
  4 black bears
  6 phantoms
  15 wolves
  A necrophage (D:10)
  A wolf (shapeshifter) (Vaults:2)
  A tengu (shapeshifter) (Vaults:4)
  41 ogres
  47 centaurs
  A crocodile (shapeshifter) (Vaults:3)
  9 crocodiles
  4 big kobolds (D:11)
  20 giant frogs
  The ghost of grippy the Sneak, an amateur VSEn (D:3)
  4 earth elementals (D:12)
  11 gnoll sergeants
  A wyvern zombie (D:14)
  2 water moccasin skeletons
  4 scorpions
  3 killer bees (D:7)
  A wight (D:6)
  2 elephant simulacra (IceCv)
  A spriggan skeleton (Lab)
  2 troll skeletons (Lab)
  2 electric eels
  3 crimson imps
  A wasp zombie (D:11)
  3 draconian simulacra (IceCv)
  3 giant frog skeletons
  A giant frog zombie (D:8)
  3 centaur zombies
  6 gnoll shamans (Bailey)
  11 hounds
  21 orc priests
  5 centaur skeletons
  12 jellies
  23 orc wizards
  Terence (D:2)
  11 iguanas
  7 hell rats (Lair:4)
  A spriggan simulacrum (IceCv)
  5 worker ants
  8 sheep
  A polar bear simulacrum (IceCv)
  7 troll simulacra (IceCv)
  A killer bee zombie (D:9)
  A small abomination (Abyss:1)
  4 centaur simulacra (IceCv)
  An ogre skeleton (Lab)
  A hound skeleton (D:4)
  A worker ant zombie (D:9)
  24 gnolls
  17 adders
  5 naga simulacra (IceCv)
  40 river rats
  A shadow imp (D:15)
  25 white imps
  9 oozes
  3 worms
  4 dart slugs
  5 giant geckos
  143 orcs
  3 giant cockroaches
  7 goblins
  13 hobgoblins
  15 jackals
  2 quokkas (D:2)
  A ball python (D:8)
  8 bats
  4 giant newts
  A jackal skeleton (D:5)
  11 kobolds
  A quokka skeleton (D:5)
  A quokka zombie (D:6)
  5 rats
  A briar patch (Swamp:3)
  A bush (D:1)
1516 creatures vanquished.

Vanquished Creatures (collateral kills)
  A deep elf sorcerer (Vaults:5)
  A vault warden (Vaults:2)
  5 vault guards (Vaults:5)
  An eidolon (Abyss:1)
  The ghost of Moloch the Fencer, a journeyman MiFi of Okawaru (IceCv)
  A smoke demon (Abyss:1)
  A two-headed ogre (Vaults:2)
  A slime creature (Swamp:4)
  A flying skull (Abyss:1)
  5 orc warriors (Orc:2)
  An ogre (Vaults:2)
  6 orcs
  A fungus (Swamp:4)
26 creatures vanquished.

Vanquished Creatures (others)
  2 humans (Lair:6)
  A warg (Orc:2)
  A quokka (D:5)
  12 fungi
  5 plants
21 creatures vanquished.

Grand Total: 1563 creatures vanquished

Notes
Turn   | Place    | Note
--------------------------------------------------------------
     0 | D:1      | Moloch the Minotaur Berserker began the quest for the Orb.
     0 | D:1      | Reached XP level 1. HP: 19/19 MP: 0/0
    57 | D:1      | Reached skill level 4 in Long Blades
    64 | D:1      | Reached XP level 2. HP: 15/26 MP: 1/1
   508 | D:1      | Reached skill level 5 in Long Blades
   772 | D:1      | Reached XP level 3. HP: 31/31 MP: 2/2
  1067 | D:2      | Reached ** piety under Trog
  1132 | D:2      | Noticed Terence
  1148 | D:2      | Killed Terence
  1148 | D:2      | Reached skill level 6 in Long Blades
  1148 | D:2      | Reached XP level 4. HP: 39/39 MP: 3/3
  1576 | D:3      | Noticed grippy's ghost (amateur VSEn)
  1584 | D:3      | Killed grippy's ghost
  1584 | D:3      | Reached skill level 7 in Long Blades
  1584 | D:3      | Reached XP level 5. HP: 45/45 MP: 4/4
  1635 | D:3      | Reached *** piety under Trog
  1953 | D:3      | Found a stormy altar of Qazlal.
  1958 | D:3      | Found a radiant altar of Vehumet.
  1966 | D:3      | Found a bloodstained altar of Trog.
  1968 | D:3      | Found a sacrificial altar of Ru.
  1969 | D:3      | Found a glowing silver altar of Zin.
  2083 | D:3      | Reached skill level 8 in Long Blades
  2477 | D:4      | Reached XP level 6. HP: 51/51 MP: 5/5
  2698 | D:4      | Found a shadowy altar of Dithmenos.
  2871 | D:4      | Reached skill level 9 in Long Blades
  3121 | D:5      | Entered Level 5 of the Dungeon
  3168 | D:5      | Found a white marble altar of Elyvilon.
  3253 | D:5      | Reached XP level 7. HP: 57/57 MP: 6/6
  3364 | D:5      | Reached skill level 10 in Long Blades
  3596 | D:5      | Reached **** piety under Trog
  3814 | D:5      | Found an opulent altar of Gozag.
  3814 | D:5      | Found a snail-covered altar of Cheibriados.
  3815 | D:5      | Found a glowing golden altar of the Shining One.
  3940 | D:5      | Reached skill level 11 in Long Blades
  4103 | D:6      | Reached XP level 8. HP: 64/64 MP: 7/7
  4123 | D:6      | Gained mutation: You evolve. [mutagenic meat]
  4124 | D:6      | Gained mutation: You have sharp toenails. [mutagenic meat]
  4125 | D:6      | Gained mutation: You occasionally shout uncontrollably at your foes. [mutagenic meat]
  4126 | D:6      | Gained mutation: You have a pair of large horns on your head. [mutagenic meat]
  4127 | D:6      | Gained mutation: Your body sometimes deteriorates upon taking damage. [mutagenic meat]
  4282 | D:6      | Identified a +1 rod of clouds (11/11) (You found it on level 6 of the Dungeon)
  4302 | D:6      | Reached skill level 12 in Long Blades
  4322 | D:6      | Gained mutation: Your system is resistant to poisons. [evolution]
  4669 | D:6      | Reached skill level 13 in Long Blades
  5609 | D:7      | Reached XP level 9. HP: 42/70 MP: 8/8
  5681 | D:7      | Noticed Duffy's ghost (novice FoEE)
  5763 | D:7      | Killed Duffy's ghost
  5763 | D:7      | Reached skill level 14 in Long Blades
  5787 | D:7      | Found a staircase to the Ecumenical Temple.
  5808 | D:7      | Found Culeob's Gadget Emporium.
  5831 | D:7      | Reached skill level 15 in Long Blades
  6000 | D:7      | Gained mutation: You regenerate slowly when monsters are visible. [mutagenic meat]
  6013 | D:7      | Found an ancient bone altar of Kikubaaqudgha.
  6013 | D:7      | Found a blossoming altar of Fedhas.
  6141 | D:7      | Reached skill level 16 in Long Blades
  6178 | D:7      | Reached XP level 10. HP: 77/77 MP: 9/9
  6181 | D:7      | Reached ***** piety under Trog
  6374 | D:7      | Identified the Collected Works on Viperous Transmigration
  6402 | D:7      | Noticed an orc sorcerer
  6405 | D:7      | Killed an orc sorcerer
  6405 | D:7      | Reached skill level 17 in Long Blades
  6416 | D:7      | Noticed an orc knight
  6431 | D:7      | Killed an orc knight
  6443 | D:7      | Received a gift from Trog
  6794 | D:7      | Noticed a salamander
  6802 | D:7      | Killed a salamander
  6933 | D:7      | Noticed an orc knight
  6950 | D:7      | Killed an orc knight
  7052 | D:7      | Lost mutation: Your body sometimes deteriorates upon taking damage. [evolution]
  7233 | D:7      | Reached skill level 18 in Long Blades
  7472 | D:7      | Gained mutation: You are partially covered in molten scales (AC +1). [mutagenic meat]
  7473 | D:7      | Gained mutation: You possess an exceptional clarity of mind. [mutagenic meat]
  7974 | D:8      | Reached skill level 5 in Fighting
  8208 | D:8      | Reached XP level 11. HP: 74/88 MP: 7/10
  8502 | D:9      | Reached skill level 5 in Armour
  8543 | D:9      | Gained mutation: You have an increased reservoir of magic (+10% MP). [evolution]
  8584 | D:9      | Found a staircase to the Lair.
  8956 | D:9      | Found a shadowy altar of Dithmenos.
  9104 | D:9      | Cast into level 1 of the Abyss (orc)
  9154 | Abyss:1  | Noticed a wretched star
  9209 | Abyss:1  | Noticed a soul eater
  9221 | Abyss:1  | Killed a soul eater
  9245 | Abyss:1  | Gained mutation: Your skin changes colour to match your surroundings (Stealth). [mutagenic meat]
  9247 | Abyss:1  | Lost mutation: You have an increased reservoir of magic (+10% MP). [mutagenic meat]
  9288 | Abyss:1  | Noticed a large abomination
  9307 | Abyss:1  | Killed a large abomination
  9316 | Abyss:1  | Noticed an orb spider
  9329 | Abyss:1  | Noticed an eidolon
  9330 | Abyss:1  | Killed an eidolon
  9333 | Abyss:1  | Noticed a starcursed mass
  9333 | Abyss:1  | Noticed a great orb of eyes
  9333 | D:9      | Escaped the Abyss
  9593 | D:10     | Entered Level 10 of the Dungeon
  9942 | D:10     | Reached skill level 5 in Dodging
 10258 | D:10     | Noticed a hill giant
 10277 | D:10     | Killed a hill giant
 10277 | D:10     | Reached XP level 12. HP: 103/103 MP: 9/11
 10476 | D:11     | Found a frozen archway.
 10486 | D:11     | Received a gift from Trog
 10751 | IceCv    | Entered an ice cave
 10776 | IceCv    | Noticed Moloch's ghost (journeyman MiFi)
 10783 | IceCv    | Killed Moloch's ghost
 11626 | IceCv    | Found an ancient bone altar of Kikubaaqudgha.
 11888 | IceCv    | Reached skill level 10 in Fighting
 11965 | IceCv    | Reached skill level 19 in Long Blades
 12575 | D:11     | Found Wifeh's Jewellery Shop.
 12700 | D:11     | Noticed Nergalle
 12711 | D:11     | Killed Nergalle
 12810 | D:11     | Found a staircase to the Orcish Mines.
 12816 | D:11     | Reached skill level 10 in Armour
 12891 | Orc:1    | Entered Level 1 of the Orcish Mines
 12891 | Orc:1    | Noticed an orc high priest
 12903 | Orc:1    | Killed an orc high priest
 12911 | Orc:1    | Received a gift from Trog
 13172 | Orc:2    | Entered Level 2 of the Orcish Mines
 13172 | Orc:2    | Found a staircase to the Elven Halls.
 13221 | Orc:2    | Reached XP level 13. HP: 109/116 MP: 12/12
 14422 | Orc:2    | Noticed Donald
 14459 | Orc:2    | Killed Donald
 14632 | Orc:2    | Noticed an ettin
 14666 | Orc:2    | Killed an ettin
 14885 | Orc:2    | Found Zenuner's Distillery.
 14885 | Orc:2    | Found Kematrie's Antique Armour Boutique.
 14887 | Orc:2    | Found Firioff's Food Shop.
 14889 | Orc:2    | Found Gofeoddo's Gadget Emporium.
 15361 | Orc:1    | Paralysed by an orc sorcerer for 3 turns
 15369 | Orc:1    | Received a gift from Trog
 16178 | Lair:1   | Entered Level 1 of the Lair of Beasts
 16749 | Lair:1   | Noticed Gastronok
 16768 | Lair:1   | Killed Gastronok
 17115 | Lair:1   | Reached skill level 20 in Long Blades
 17121 | Lair:1   | Gained mutation: You have a beak for a mouth. [evolution]
 17556 | Lair:2   | Received a gift from Trog
 17799 | Lair:2   | Reached ****** piety under Trog
 18131 | Lair:3   | Reached XP level 14. HP: 127/127 MP: 13/13
 19453 | Lair:4   | Received a gift from Trog
 20217 | Lair:5   | Identified a scroll of acquirement
 20275 | Lair:5   | Found a labyrinth entrance.
 20295 | Lab      | Entered a labyrinth
 20514 | Lab      | Got a shimmering brass ring
 20514 | Lab      | Got a vibrating copper ring
 20516 | Lab      | Identified the ring "Zioraciw" {rElec rPois Int+7} (You found it in a labyrinth)
 20518 | Lab      | Identified the ring "Regaweiq" {Str+7 Dex+3} (You found it in a labyrinth)
 20536 | Lair:5   | Identified a +1 rod of shadows (14/14) (You found it in a labyrinth)
 20537 | Lair:5   | Identified a +4 rod of inaccuracy (13/13) (You found it in a labyrinth)
 20944 | Lair:5   | Found a staircase to the Swamp.
 21372 | Lair:6   | Noticed Kirke
 21380 | Lair:6   | Killed Kirke
 21519 | Lair:6   | Found a sacrificial altar of Ru.
 21717 | Lair:6   | Found a hole to the Spider Nest.
 22134 | Lair:7   | Gained mutation: Your flesh is heat resistant. [evolution]
 22261 | Lair:7   | Found a runed door.
 22299 | Lair:7   | Found a viscous altar of Jiyva.
 22299 | Lair:7   | Found a staircase to the Slime Pits.
 22305 | Lair:7   | Received a gift from Trog
 22665 | Lair:8   | Entered Level 8 of the Lair of Beasts
 22814 | Lair:8   | Reached XP level 15. HP: 139/139 MP: 14/14
 22940 | Lair:8   | Reached skill level 21 in Long Blades
 22963 | Lair:8   | Reached skill level 15 in Fighting
 23260 | Lair:8   | Reached skill level 10 in Dodging
 24101 | D:12     | Noticed dobroeutro's ghost (journeyman GrFi)
 24107 | D:12     | Killed dobroeutro's ghost
 24150 | D:12     | Found a flagged portal.
 24258 | Bailey   | Entered a bailey
 24407 | Bailey   | Received a gift from Trog
 24999 | D:12     | Noticed Urug
 25013 | D:12     | Killed Urug
 25611 | D:13     | Noticed Maurice
 25622 | D:13     | Killed Maurice
 25736 | D:13     | Got a warped copper amulet
 25840 | D:13     | Found a gate to the Vaults.
 25912 | D:13     | Noticed Maud
 25918 | D:13     | Killed Maud
 26113 | D:13     | Reached skill level 22 in Long Blades
 26131 | D:13     | Identified the amulet of the Ant {Dismiss Str+3 Int+5 SInv} (You found it on level 13 of the Dungeon)
 26136 | D:13     | Gained mutation: Scrolls take you a little longer to read. [mutagenic meat]
 26137 | D:13     | Lost mutation: You regenerate slowly when monsters are visible. [mutagenic meat]
 26539 | D:14     | Reached XP level 16. HP: 151/151 MP: 15/15
 26631 | D:14     | Found Ediem's Weapon Shop.
 26681 | D:14     | Noticed Agnes
 26687 | D:14     | Killed Agnes
 26787 | D:14     | Found a portal to a secret trove of treasure.
 27015 | D:15     | Entered Level 15 of the Dungeon
 27277 | D:15     | Found a staircase to the Depths.
 27365 | D:15     | Received a gift from Trog
 27427 | D:15     | Noticed Rupert
 27434 | D:15     | Killed Rupert
 28112 | Swamp:1  | Entered Level 1 of the Swamp
 29225 | Swamp:2  | Reached skill level 15 in Armour
 30437 | Swamp:3  | Noticed a thorn hunter
 30445 | Swamp:3  | Killed a thorn hunter
 30485 | Swamp:4  | Entered Level 4 of the Swamp
 30559 | Swamp:4  | Noticed a thorn hunter
 30570 | Swamp:4  | Killed a thorn hunter
 30806 | Swamp:4  | Received a gift from Trog
 31122 | Swamp:4  | Reached XP level 17. HP: 159/159 MP: 16/16
 31178 | Swamp:4  | Noticed the 27-headed Lernaean hydra
 31204 | Swamp:4  | Identified a +1 rod of clouds (10/10) (You found it on level 4 of the Swamp)
 31324 | Swamp:4  | Killed the 25-headed Lernaean hydra
 31354 | Swamp:4  | Got a decaying rune of Zot
 32185 | Vaults:1 | Entered Level 1 of the Vaults
 32210 | Vaults:1 | Received a gift from Trog
 32248 | Vaults:1 | Found a gateway to a bazaar.
 32543 | Vaults:1 | Reached skill level 23 in Long Blades
 33382 | Vaults:1 | Received a gift from Trog
 33482 | Vaults:1 | Got a warped scimitar {slice}
 33483 | Vaults:1 | Identified the +2 scimitar of the First Eyes {slice, Int+4} (You took it off a salamander stormcaller on level 1 of the Vaults)
 34093 | Vaults:2 | Found a staircase to the Crypt.
 34505 | Vaults:2 | Reached XP level 18. HP: 156/170 MP: 17/17
 34719 | Vaults:2 | Gained mutation: Scrolls take you longer to read. [mutagenic meat]
 34836 | Vaults:2 | Received a gift from Trog
 35002 | Vaults:2 | Reached skill level 24 in Long Blades
 35438 | Vaults:2 | Gained mutation: Your flesh is very heat resistant. [mutagenic meat]
 35654 | Vaults:2 | Found Qagiu's Antique Armour Shoppe.
 35661 | Vaults:2 | Bought a faintly humming chain mail for 427 gold pieces
 35671 | Vaults:2 | Identified the +0 chain mail of Bedevilment {+Inv rPois rC++ Int+2} (You bought it in a shop on level 2 of the Vaults)
 35840 | Vaults:2 | Reached skill level 15 in Dodging
 36237 | Vaults:3 | Received a gift from Trog
 36258 | Vaults:3 | Got a twisted great sword {god gift}
 36259 | Vaults:3 | Identified the +3 great sword of the Endless March {slice, *Confuse rF+ Str+5 Int-5} (Trog gifted it to you on level 3 of the Vaults)
 36425 | Vaults:3 | Noticed Asterion
 36434 | Vaults:3 | Killed Asterion
 36784 | Vaults:3 | Found Nyigue's Antique Armour Shoppe.
 36849 | Vaults:3 | You fall through a shaft!
 36909 | Vaults:4 | Paralysed by an ogre mage for 2 turns
 37118 | Vaults:4 | Reached XP level 19. HP: 178/178 MP: 18/18
 37784 | Vaults:4 | Noticed Saint Roka
 37789 | Vaults:4 | Received a gift from Trog
 37798 | Vaults:4 | Killed Saint Roka
 38211 | Vaults:4 | Found a radiant altar of Vehumet.
 38330 | Vaults:3 | Gained mutation: Your flesh is cold resistant. [evolution]
 38691 | Vaults:3 | Received a gift from Trog
 39125 | Vaults:4 | Paralysed by a great orb of eyes for 6 turns
 39192 | Vaults:4 | Cast into level 3 of the Abyss (an ogre mage)
 39195 | Vaults:4 | Escaped the Abyss
 39315 | Vaults:5 | Entered Level 5 of the Vaults
 39327 | Vaults:5 | Noticed a golden dragon
 39340 | Vaults:5 | Noticed a golden dragon
 39473 | Vaults:5 | Killed a golden dragon
 39481 | Vaults:5 | Killed a golden dragon
 39482 | Vaults:5 | Noticed a golden dragon
 39483 | Vaults:5 | HP: 6/267 [titan/the air (18)]
 39486 | Vaults:4 | Slain by a long sword of flaming

Vault maps used:
D:1:      onia_arrival_mini_maze_b, serial_forest,
          infiniplex_forest_clump_cross, infiniplex_forest_clump_small,
          infiniplex_forest_end_1, infiniplex_forest_straight_5,
          infiniplex_forest_end_2, infiniplex_forest_clump_cross,
          infiniplex_forest_clump_curved, infiniplex_forest_clump_tiny,
          infiniplex_forest_straight_3, infiniplex_forest_lined_3,
          minmay_crystal_water
D:2:      first_bread, uniq_terence
D:3:      minitemple, kennysheep_generic_room_7
D:4:      grunt_dithmenos_smoke
D:5:      gammafunk_temple_overflow_claw, elyvilon_altar_4
D:6:      st_stairs_5
D:7:      lemuel_castle_with_subvaults, grunt_temple_overflow_growth_and_decay,
          temple_fountains, serial_shops, shop
D:9:      minmay_lair_entry_lava, basic_altar, nrook_uturn
D:11:     kennysheep_orc_monster_closet_entryway, serial_shops, kennysheep_mini,
          portal_ice_cave_entry_imps, hangedman_little_slice_of_home,
          corexii_leaking_fountain, uniq_nergalle
D:12:     enter_bailey_2, minmay_hedge_maze, hangedman_decor_slide_cut,
          minmay_misc_feat_encased, hangedman_cracks_in_the_wall, uniq_urug
D:13:     minmay_diamond_stairs, david_vaults_5, uniq_maurice, uniq_maud
D:14:     serial_shops, shop, enter_trove_0, uniq_agnes
D:15:     grunt_enter_depths_hoard, uniq_rupert
Lair:1:   grunt_megastairs_1, uniq_gastronok
Lair:3:   grunt_forest_large_clearings
Lair:4:   beast_lair_carwin_large_1, serial_bayou_ford_a, st_stairs_13
Lair:5:   nicolae_swamp_entry_splash_gauntlet, lab_entry_generic
Lair:6:   spider_nest_entry_rubble, lemuel_oklob_altar, uniq_kirke
Lair:7:   slime_altar_2, lookout_lair_type
Lair:8:   grunt_lair_end_beastmaster
Swamp:1:  hangedman_swamp_ruin_wall, swamp_pool4
Swamp:2:  evilmike_swamp_ruin_house_1
Swamp:3:  nicolae_swamp_feature_on_the_river_bank, swamp_pool4,
          infiniplex_staircase_pool_2
Swamp:4:  grunt_swamp_rune_castle, swamp_pool4
Orc:2:    st_orc_rangers, uniq_donald
Vaults:1: grunt_vaults_hallway_long, v_rooms_6, dpeg_vaults_waves,
          hangedman_vaults_corner_blocks, ontoclasm_vaults_loading_screen,
          hangedman_vaults_locks, vaults_dpeg_diagonal, v_misc_29,
          nicolae_vaults_little_squares_2, ontoclasm_vaults_ligature,
          vaults_dpeg_cross, ontoclasm_vaults_loading_screen, serial_shops,
          statue_bzr
Vaults:2: vaults_room_mumra_shop_pool, nicolae_vaults_border_crossing,
          v_misc_25, v_alt_pattern_4, v_misc_31,
          minmay_crypt_entry_simple_corners, vaults_room_door_ring,
          nicolae_vaults_c_with_doors, nicolae_vaults_circle_grid_a,
          hangedman_vaults_stretched_pinwheel, grunt_vaults_funnel
Vaults:3: vaults_standard_mumra_enter_the_diamond,
          nicolae_vaults_windows_and_doors_thing, vaults_room_pool, v_pattern_3,
          v_misc_17, serial_shops, nicolae_shop_trees, uniq_asterion
Vaults:4: v_misc_26, vaults_standard_mumra_x, v_misc_3,
          ontoclasm_vaults_ring_square, vaults_room_boxed, hangedman_vaults_hat,
          v_misc_26, nicolae_vaults_little_squares_5,
          nicolae_vaults_an_arrangement, nicolae_vaults_circle_grid_b,
          nicolae_vaults_hallways_thing, nicolae_vaults_diagonal_hallway_7,
          basic_altar, uniq_saint_roka
Vaults:5: serial_shops
Lab:      labyrinth_skeletal_remains, nicolae_lab_grate_2, nicolae_lab_diamond,
          nicolae_lab_big_swirl, nicolae_lab_flowing_pool, lab_block,
          nicolae_lab_swirl
Bailey:   bailey_polearm_gnolls_kennysheep, bailey
IceCv:    ice_cave_small_necro

Skill      XL: |  1  2  3  4  5  6  7  8  9 10 11 12 13 14 15 16 17 18 19 |
---------------+----------------------------------------------------------+-----
Long Blades    | 4 5 6 7 8 9 11 13 16 18 19 20 22 23 24 | 24.0
Armour         | 4 8 10 12 14 16 17 19 20 | 20.8
Fighting       | 5 8 11 12 14 16 17 | 17.7
Dodging        | 3 5 7 8 9 11 12 13 16 17 | 17.8

Action                   |  1- 3 |  4- 6 |  7- 9 | 10-12 | 13-15 | 16-18 | 19-21 || total
-------------------------+-------+-------+-------+-------+-------+-------+-------++-------
Melee: Falchion          |   149 |   179 |    43 |       |       |       |       ||   371
       Headbutt          |    39 |    26 |    54 |   185 |   341 |   404 |    88 ||  1137
       Long sword        |       |       |   202 |    64 |       |       |       ||   266
       Kick              |       |       |    51 |   294 |   218 |       |       ||   563
       Scimitar          |       |       |       |   788 |   381 |    27 |       ||  1196
       Great sword       |       |       |       |       |   796 |   915 |       ||  1711
       Peck              |       |       |       |       |   254 |   344 |    84 ||   682
       Triple sword      |       |       |       |       |       |   231 |   286 ||   517
Invok: Berserk           |     2 |     2 |     5 |    23 |    17 |     8 |     4 ||    61
       Burn Spellbooks   |       |       |       |     3 |     2 |     2 |       ||     7
       Brothers in Arms  |       |       |       |     3 |     1 |     3 |     6 ||    13
       Trog's Hand       |       |       |       |     2 |     3 |     2 |     1 ||     8
Evoke: Wand              |       |       |       |       |       |     1 |     2 ||     3
  Use: Scroll            |       |     4 |       |    12 |    16 |     9 |     1 ||    42
       Potion            |       |       |       |     2 |       |     1 |     2 ||     5
 Stab: Distracted        |       |       |       |     1 |       |       |       ||     1
       Invisible         |       |       |       |       |       |       |     2 ||     2
  Eat: Chunk             |     2 |     8 |    21 |    38 |    59 |    41 |    11 ||   180
       Royal jelly       |       |       |       |     2 |       |       |       ||     2
       Pizza             |       |       |       |     1 |     4 |     2 |       ||     7
       Fruit             |       |       |       |     6 |       |     5 |     1 ||    12
       Beef jerky        |       |       |       |     4 |     5 |       |       ||     9
       Bread ration      |       |       |       |       |       |     1 |       ||     1
Armor: Animal skin       |     3 |       |       |       |       |       |       ||     3
       Chain mail        |    33 |    72 |    10 |       |       |    43 |   102 ||   260
       Plate armour      |       |       |   112 |   359 |   434 |   475 |       ||  1380
Dodge: Dodged            |    40 |    65 |    49 |   244 |   452 |   832 |   273 ||  1955
Block: Shield            |       |       |       |       |    88 |       |       ||    88
       Reflection        |       |       |       |       |     7 |       |       ||     7
